Map: Pylon LE

Players

ManlyManMeat

  • Race: Terran Terran
  • League: Master
  • Spawn Location: 5:00

VOD

Have the link to the VOD?

Description

Time

  • Played on: May 20, 2025, 12:27 p.m.
  • Length: 4:54
Show
View Real Time Build Order
Export as new Build Order

ManlyManMeat Terran 

Build Orders:  

Get SALT Encoding   

  12  0:00  SCV  
  13  0:17  SCV  
  14  0:25  Supply Depot  
  14  0:34  SCV  
  15  0:55  SCV  
  15  0:57  Barracks  
  16  1:02  Refinery  
  16  1:12  SCV  
  17  1:29  SCV  
  18  1:46  SCV  
  19  2:04  Orbital Command  
  19  2:08  Reaper  
  20  2:21  Command Center  
  20  2:39  Supply Depot  
  20  2:42  SCV  
  20  2:48  Marine  
  22  2:59  SCV  
  22  3:12  Factory  
  22  3:22  Barracks Reactor  
  22  3:29  Unknown  
  22  3:40  Command Center  
  22  3:48  SCV  
  23  4:02  Orbital Command  
  23  4:05  SCV  
  24  4:14  Barracks  
  24  4:22  SCV  
  29  4:45  Refinery  
  31  4:51  Barracks Tech Lab  
Tags
 
League
Master
Matchup
Co-op
Add a new tag
Caveats
  • Supply blocks, unpowered buildings, or Contaminate may cause inaccurate times.
  • Supply counts are checked every 10 seconds.